 Dungeon Crawl Stone Soup version 0.23.1 (webtiles) character file.

Game seed: 0

623 PikkenKukken the Sneak (level 7, -5/70 HPs)
             Began as an Octopode Wizard on Mar 5, 2019.
             Killed from afar by a gnoll (9 damage)
             ... with an exploding inner flame
             ... hexed by the player character
             ... on level 5 of the Dungeon.
             The game lasted 00:27:19 (8836 turns).

PikkenKukken the Sneak (Octopode Wizard)            Turns: 8836, Time: 00:27:20

Health: -5/70      AC: 23    Str: 11    XL:     7   Next: 46%
Magic:  4/11       EV:  2    Int: 22    God:
Gold:   198        SH:  0    Dex: 14    Spells: 4/12 levels left

rFire    . . .     SeeInvis .   s - +0 spear
rCold    . . .     Gourm    +   (no shield)
rNeg     + + +     Faith    .   (helmet currently unavailable)
rPois    +         Spirit   .   e - amulet of the gourmand
rElec    .         Reflect  .   i - +3 ring of dexterity
rCorr    .         Harm     .   (no ring)
MR       .....     NoTele   +   (no ring)
Stlth    +++.......             (no ring)
HPRegen  0.21/turn              (no ring)
MPRegen  0.12/turn              (no ring)
                                (no ring)
                                (no ring)

@: mighty, tree-form
A: almost no armour, stealthy swim, (amphibious), 8 rings, (constrict 8)
a: no special abilities


You were on level 5 of the Dungeon.
You were full.
You were a tree.
You visited 1 branch of the dungeon, and saw 5 of its levels.

You collected 198 gold pieces.

Inventory:

Hand Weapons
 s - a +0 spear (weapon)
Missiles
 j - a throwing net (quivered)
Armour
 a - a +1 hat (melded)
Jewellery
 e - an amulet of the gourmand (around neck)
 i - a +3 ring of dexterity (left branch)
Wands
 n - a wand of acid (2)
 q - a wand of flame (24)
Scrolls
 d - a scroll of identify
 p - a scroll of fog
Potions
 k - a potion of resistance {unknown}
 l - a potion of flight {unknown}
 m - a potion of mutation {unknown}
 o - a potion of haste {unknown}
Comestibles
 c - 13 rations


   Skills:
 + Level 3.8 Fighting
 + Level 4.5 Dodging
 + Level 6.4 Stealth
 - Level 3.0 Spellcasting
 - Level 3.0 Conjurations
 - Level 1.0 Summonings
 - Level 1.0 Translocations
 - Level 1.0 Fire Magic


You had 4 spell levels left.
You knew the following spells:

 Your Spells              Type           Power        Failure   Level  Hunger
a - Magic Dart            Conj           ###.         3%          1    None
b - Blink                 Tloc           N/A          12%         2    ##.....
c - Call Imp              Summ           #.......     12%         2    ##.....
d - Conjure Flame         Conj/Fire      ##......     16%         3    ###....

Your spell library contained the following spells:

 Spells                   Type           Power        Failure   Level  Hunger
 Slow                     Hex            #.......     19%         2    ##.....
 Mephitic Cloud           Conj/Pois/Air  #.......     24%         3    ###....


Dungeon Overview and Level Annotations

Branches:
Dungeon (5/15)
 Temple: D:4-7

Altars:
Dithmenos
Okawaru
Trog
Vehumet

Annotations:
D:5 exclusion: killer bee


Innate Abilities, Weirdness & Mutations

You cannot wear most types of armour.
You are very stealthy in the water. (Stealth+)
((You are amphibious.))
You can wear up to eight rings at the same time.
((You can use your tentacles to constrict eight enemies at once.))
((Your skin changes colour to match your surroundings (Stealth+).))
((Your rubbery body absorbs attacks. (AC +1, EV +1)))


Message History

You puncture the howler monkey zombie!
The howler monkey zombie is almost destroyed.
The gnoll hits you but does no damage.
The howler monkey zombie hits you but does no damage.
The gnoll shaman calls upon its god to speed up the gnoll.
The gnoll seems to speed up.
The gnoll hits you but does no damage.
You barely miss the howler monkey zombie.
The howler monkey zombie is almost destroyed.
The gnoll hits you but does no damage. x2
The howler monkey zombie hits you but does no damage.
The gnoll shaman hits you but does no damage.
The gnoll barely misses you.
The gnoll hits you but does no damage. x2
You hit the howler monkey zombie.
The howler monkey zombie explodes!
The fiery explosion engulfs the gnoll!
The gnoll explodes!
The fiery explosion engulfs the orc!!
The orc explodes!
The fiery explosion engulfs you!
You die...

################.#.##############
................%.%....((.(......
......................(.......###
#####.##########.....(..#####..##
.##8### ########........# ##.##
..'._⌠# .......§§§......######..#
..'._⌠# ########§§§.....##....#.#
####### #§§...............
#♣g..........g##..
#gg........_..###(
#.............# #.
######.............###.
........######......... ........#
#.#######. ......... ...##≈...'.
........########≈#####.
..[.....###..÷.≈##;≈≈##


You could see a gnoll shaman (inner flame) and 2 gnolls.

Vanquished Creatures
  Menkaure (D:5)
  A crimson imp (D:5)
  A hound (D:2)
  4 orc wizards
  An iguana (D:5)
  2 worker ants
  A mummy (D:4)
  A howler monkey zombie (D:5)
  A worker ant zombie (D:5)
  5 gnolls
  6 adders
  6 worms
  A dart slug (D:1)
  3 leopard geckos
  12 orcs
  A ball python (D:1)
  5 bats
  4 giant cockroaches
  10 hobgoblins
  5 jackals
  7 kobolds (D:2)
  2 quokkas
  A ball python skeleton (D:4)
  3 frilled lizards
  10 goblins
  3 hobgoblin zombies (D:4)
  A jackal skeleton (D:5)
  A leopard gecko skeleton (D:5)
  An orc zombie (D:4)
  5 rats
105 creatures vanquished.

Vanquished Creatures (collateral kills)
  2 adders
  A worm (D:2)
  An orc (D:4)
4 creatures vanquished.

Grand Total: 109 creatures vanquished

Notes
Turn   | Place    | Note
-------+----------+-------------------------------------------
     0 | D:1      | PikkenKukken the Octopode Wizard began the quest for the
                  | Orb.
     0 | D:1      | Reached XP level 1. HP: 11/11 MP: 4/4
   152 | D:1      | Reached skill level 3 in Stealth
   307 | D:1      | Reached XP level 2. HP: 18/18 MP: 3/6
   318 | D:1      | Learned a level 2 spell: Blink
   321 | D:1      | Learned a level 2 spell: Call Imp
   502 | D:1      | Reached skill level 1 in Fighting
  1095 | D:1      | Reached XP level 3. HP: 19/23 MP: 7/7
  1566 | D:2      | Reached XP level 4. HP: 22/29 MP: 2/8
  1697 | D:2      | Reached skill level 4 in Stealth
  2419 | D:2      | Found a bloodstained altar of Trog.
  3006 | D:2      | Learned a level 3 spell: Conjure Flame
  3293 | D:3      | Reached XP level 5. HP: 32/34 MP: 1/9
  5490 | D:3      | Reached skill level 5 in Stealth
  5490 | D:3      | Reached XP level 6. HP: 12/41 MP: 2/10
  6136 | D:5      | Entered Level 5 of the Dungeon
  6480 | D:5      | Reached skill level 1 in Fire Magic
  6614 | D:5      | Found a shadowy altar of Dithmenos.
  6614 | D:5      | Found a radiant altar of Vehumet.
  6763 | D:5      | Found an iron altar of Okawaru.
  7229 | D:5      | Noticed Menkaure
  7454 | D:5      | Killed Menkaure
  7454 | D:5      | Reached skill level 6 in Stealth
  7454 | D:5      | Reached XP level 7. HP: 46/46 MP: 2/11
  8830 | D:5      | HP: 2/70 [gnoll/+0 whip (4)]
  8836 | D:5      | Killed from afar by a gnoll

Skill      XL: |  1  2  3  4  5  6 |
---------------+-------------------+-----
Stealth        | 3 4 5 6 |  6.4
Fighting       | 1 2 3 |  3.8
Dodging        | 3 4 |  4.5
Conjurations   | 2 3 |  3.0
Fire Magic     | 1 |  1.0
Spellcasting   | |  3.0
Summonings     | |  1.0
Translocations | |  1.0

Action                   |  1- 3 |  4- 6 |  7- 9 || total
-------------------------+-------+-------+-------++-------
Melee: Unarmed           |    10 |       |       ||    10
       Constrict         |     6 |    31 |     3 ||    40
       Tentacles         |     6 |    19 |     1 ||    26
       Whip              |    11 |   121 |     2 ||   134
       Spear             |       |       |    25 ||    25
 Cast: Magic Dart        |    56 |   226 |    47 ||   329
       Blink             |     2 |     1 |       ||     3
       Call Imp          |     3 |    11 |     1 ||    15
       Conjure Flame     |       |    14 |     8 ||    22
  Use: Scroll            |     3 |     6 |     1 ||    10
       Potion            |       |     3 |     2 ||     5
 Stab: Sleeping          |     1 |     2 |       ||     3
       Distracted        |       |     1 |       ||     1
  Eat: Chunk             |     2 |    20 |     7 ||    29
       Ration            |       |     1 |       ||     1
Armor: Skin              |     3 |     5 |    26 ||    34
Dodge: Dodged            |    19 |   101 |    11 ||   131
